 Dungeon Crawl Stone Soup version 0.26.1-11-gd32895ea62 (webtiles) character file.

Game seed: 13369889180762412036

84 Gwenloh the Shooter (level 4, -1/24 HPs)
             Began as a Deep Elf Arcane Marksman on May 2, 2021.
             Slain by an orc
             ... wielding a +0 hand axe
              (4 damage)
             ... on level 3 of the Dungeon.
             The game lasted 00:09:10 (2293 turns).

Gwenloh the Shooter (Deep Elf Arcane Marksman)      Turns: 2293, Time: 00:09:11

Health: -1/24      AC:  3    Str:  7    XL:     4   Next: 23%
Magic:  2/8        EV: 13    Int: 18    God:
Gold:   117        SH:  0    Dex: 16    Spells: 2/6 levels left

rFire    . . .     SeeInvis .   a - +0 shortbow
rCold    . . .     Faith    .   (shield currently unavailable)
rNeg     . . .     Spirit   .   e - +0 robe
rPois    .         Reflect  .   p - +0 hat
rElec    .         Harm     .   h - +0 cloak
rCorr    .         Rampage  .   (no gloves)
Will     .....                  (no boots)
Stlth    +.........             (no amulet)
HPRegen  0.08/turn              s - ring of flight
MPRegen  0.11/turn              (no ring)

@: no status effects
A: no striking features
a: Evoke Flight


You were on level 3 of the Dungeon.
You visited 1 branch of the dungeon, and saw 4 of its levels.

You collected 117 gold pieces.

Inventory:

Hand Weapons
 a - a +0 shortbow (weapon)
 b - a +0 dagger of venom
 i - a +0 whip
Missiles
 d - 50 arrows (quivered ammo)
Armour
 e - a +0 robe (worn)
 h - a +0 cloak (worn)
 p - a +0 hat (worn)
Jewellery
 s - a ring of flight (left hand)
Scrolls
 c - a scroll of fear {unknown}
 f - a scroll of magic mapping {unknown}
 g - 2 scrolls of remove curse {unknown}
 j - a scroll of random uselessness {unknown}
 l - 2 scrolls of teleportation {unknown}
 n - a scroll of immolation {unknown}
 q - a scroll of fog {unknown}
 r - a scroll of identify {unknown}
 t - 2 scrolls of noise {unknown}
Potions
 k - a potion of invisibility {unknown}
 m - a potion of attraction {unknown}
 o - a potion of might {unknown}


   Skills:
 - Level 0.7 Fighting
 * Level 5.6 Bows
 - Level 2.4 Dodging
 - Level 1.5 Spellcasting
 + Level 4.5 Hexes
 + Level 0.1 Translocations


You had 2 spell levels left.
You knew the following spells:

 Your Spells              Type           Power        Failure   Level
a - Corona                Hex            18%          3%          1
b - Portal Projectile     Hex/Tloc       18%          22%         3

Your spell library contained the following spells:

 Spells                   Type           Power        Failure   Level
 Slow                     Hex            17%          4%          2
 Inner Flame              Hex/Fire       9%           22%         3
 Cause Fear               Hex            8%           30%         4
 Leda's Liquefaction      Hex/Erth       4%           58%         4


Dungeon Overview and Level Annotations

Branches:
Dungeon (4/15)             Temple (0/1) D:4

Altars:
Trog

Annotations:
D:4 1 runed translucent door, Darold's ghost, amateur GrEE


Message History

You climb upwards.
The frilled lizard hisses angrily.
The orc shouts! x2
A frilled lizard and 3 orcs come into view.
The orc shouts! x2; The frilled lizard hisses angrily.
The orc barely misses you.
The orc shouts!
You hear a shout! x2
Found 7 gold pieces.
Found an escape hatch in the ceiling and an escape hatch in the floor.
There is a stone staircase leading down here.
You are too injured to fight recklessly!
You are too injured to fight recklessly!
You are too injured to fight recklessly!
You are too injured to fight recklessly!
You are too injured to fight recklessly!
The orc completely misses you. The orc closely misses you.
The ogre closely misses you. The orc hits you.
* * * LOW HITPOINT WARNING * * *
The orc hits you but does no damage. The orc hits you with a +0 hand axe.
You die...

########
##......##
##.......$##
#>.<.......#
#...loO....#
#...o@.....#
#..ooo.....#
#..........#
##........##
#...l......#
#..........#
#..........#
#..........#


You could see an ogre, 5 orcs and 2 frilled lizards.

Vanquished Creatures
  3 adders (D:2)
  An ooze (D:4)
  2 worms (D:2)
  A dart slug (D:2)
  A leopard gecko (D:2)
  An orc (D:4)
  A giant cockroach (D:1)
  6 goblins
  6 hobgoblins
  10 bats
  4 frilled lizards
  7 kobolds
  3 rats (D:1)
46 creatures vanquished.

Notes
Turn   | Place    | Note
-------+----------+-------------------------------------------
     0 | D:1      | Gwenloh the Deep Elf Arcane Marksman began the quest for
                  | the Orb.
     0 | D:1      | Reached XP level 1. HP: 11/11 MP: 5/5
    79 | D:1      | Reached skill level 3 in Bows
   485 | D:1      | Reached XP level 2. HP: 14/16 MP: 6/6
   840 | D:1      | Reached skill level 4 in Bows
  1359 | D:2      | Reached XP level 3. HP: 20/20 MP: 5/7
  1395 | D:2      | Reached skill level 5 in Bows
  1429 | D:2      | Found a bloodstained altar of Trog.
  1952 | D:2      | Reached XP level 4. HP: 11/24 MP: 8/8
  2189 | D:2      | Learned a level 3 spell: Portal Projectile
  2189 | D:2      | You fall into a shaft and drop 2 floors!
  2189 | D:4      | Found a runed translucent door.
  2189 | D:4      | Noticed Darold's ghost (amateur GrEE)
  2266 | D:4      | Found a staircase to the Ecumenical Temple.
  2277 | D:4      | Noticed an ogre
  2293 | D:3      | Slain by an orc

Illustrated notes

Levels and vault maps discovered:
D:1:      evilmike_arrival_plus, layout_basic, serial_forest,
          infiniplex_forest_lined_3_way, infiniplex_forest_straight_2,
          infiniplex_forest_zigzag_1, infiniplex_forest_3_way,
          infiniplex_forest_clump_small, infiniplex_forest_lined_room_,
          infiniplex_forest_clump_small, infiniplex_forest_clump_medium,
          infiniplex_forest_lined_1
D:2:      layout_loops_ring, bloody_trog
D:3:      wad_pebble_path, layout_rooms, lemuel_blue_sif_altar, uniq_jessica
D:4:      layout_rooms, minmay_temple_entry_offerings, gammafunk_ghost_grave,
          serial_shops, nicolae_shop_statue_plus

Skill      XL: |  1  2  3 |
---------------+----------+-----
Bows           | 3 4 5 |  5.6
Fighting       | |  0.7
Dodging        | |  2.4
Spellcasting   | |  1.5
Hexes          | |  4.5
Translocations | |  0.1

Action                   |  1- 3 |  4- 6 || total
-------------------------+-------+-------++-------
Melee: Whip              |    12 |       ||    12
       Dagger            |    11 |       ||    11
 Fire: Shortbow          |   113 |    22 ||   135
 Cast: Corona            |     4 |       ||     4
       Portal Projectile |       |     1 ||     1
Armor: Robe              |    22 |     1 ||    23
Dodge: Dodged            |    44 |     6 ||    50
